 Dungeon Crawl Stone Soup version 0.20.0 (webtiles) character file.

389 FakerFangirl the Cudgeler (level 6, -3/52 HPs)
             Began as a Draconian Fighter on May 26, 2017.
             Was an Initiate of Cheibriados.
             Slain by a crocodile (4 damage)
             ... on level 4 of the Dungeon.
             The game lasted 00:04:13 (4418 turns).

FakerFangirl the Cudgeler (Draconian Fighter)       Turns: 4418, Time: 00:04:14

Health: -3/52      AC:  8    Str: 20    XL:     6   Next: 50%
Magic:  6/6        EV: 11    Int:  9    God:    Cheibriados [......]
Gold:   109        SH:  9    Dex: 16    Spells: 5/5 levels left

rFire    . . .     SeeInvis .   Y - +0 flail
rCold    . . .     Gourm    .   b - +0 shield
rNeg     . . .     Faith    .   (armour unavailable)
rPois    .         Spirit   .   (helmet restricted)
rElec    .         Reflect  .   (no cloak)
rCorr    .         Harm     .   j - +0 pair of gloves
MR       .....                  a - +0 pair of boots
Stlth    +.........             (no amulet)
Regen    0.2/turn               d - +3 ring of dexterity
MPRegen  0.1/turn               (no ring)

@: very slow
A: unfitting armour, cold-blooded, AC +6
a: Bend Time, Renounce Religion


You were on level 4 of the Dungeon.
You worshipped Cheibriados.
Cheibriados was noncommittal.
You were not hungry.

You visited 2 branches of the dungeon, and saw 6 of its levels.

You collected 172 gold pieces.
You spent 63 gold pieces at shops.


Innate Abilities, Weirdness & Mutations

Your plain brown scales are hard. (AC +6)
You cannot fit into any form of body armour.
You are cold-blooded and may be slowed by cold attacks.


   Skills:
 - Level 4.0 Fighting
 + Level 6.7 Maces & Flails
 - Level 2.6 Dodging
 - Level 3.0 Shields


You had 5 spell levels left.
You didn't know any spells.

Inventory:

Hand Weapons
 Y - a +0 flail (weapon)
Armour
 a - a +0 pair of boots (worn)
 b - a +0 shield (worn)
 j - a +0 pair of gloves (worn)
Jewellery
 d - a +3 ring of dexterity (left hand)
 i - a +2 ring of protection {unknown}
 o - an uncursed ring of flight {unknown}
Wands
 n - a wand of polymorph (9/24)
Scrolls
 r - a scroll of remove curse
Potions
 c - 2 potions of might
 f - a potion of berserk rage {unknown}
 g - a potion of ambrosia {unknown}
 h - a potion of invisibility {unknown}
 l - a potion of lignification {unknown}
 m - a potion of heal wounds {unknown}
 q - a potion of curing {unknown}
Comestibles
 e - 3 bread rations
 k - 2 chunks of flesh
 p - a meat ration

Dungeon Overview and Level Annotations

Branches:
Dungeon (5/15)             Temple (1/1) D:4

Altars:
Ashenzari
Cheibriados
Elyvilon
Fedhas
Gozag
Kikubaaqudgha
Makhleb
Qazlal
Sif Muna
Trog
Uskayaw
Vehumet
Xom
Yredelemnul
Zin
The Shining One

Shops:
D:4 [[   D:5 =


Message History

You hit the crocodile but do no damage.
The crocodile is lightly wounded.
The crocodile barely misses you.
You closely miss the crocodile.
You tail-slap the crocodile, but do no damage.
The crocodile is lightly wounded.
You block the crocodile's attack. The crocodile bites you.
You hit the crocodile.
The crocodile is moderately wounded.
The crocodile bites you!
You closely miss the crocodile. You tail-slap the crocodile.
The crocodile is heavily wounded.
The crocodile barely misses you.
You sock the crocodile!
Your tail-slap misses the crocodile.
The crocodile is severely wounded.
The crocodile bites you!
You hit the crocodile but do no damage.
The crocodile is severely wounded.
The crocodile bites you.
You die...

....# ##.........###.###.# ....#
#......#####..'_#.## ....#
############.####..# ....##
###~###.....# #...##
.....####.#.#......#####...#
..........#~#......###.....##
..........#~#.....###...#...# #
..........#~#.....##....#...# ##
..........#~#...@.#.....##..## #.
..........#~#...t.......##(..###.
..........#~#...........###..##..
.........##~###.........# #...#..
........(.#%###........## ##..#..
..........#.##.........# #.....
............##..##.....######....
............##...................
...........##...........######...


You could see a crocodile.

Vanquished Creatures
  An ogre (D:4)
  A bullfrog skeleton (D:4)
  Jessica (D:2)
  A worker ant (D:4)
  Robin (D:3)
  8 adders
  3 gnolls (D:2)
  2 oozes
  3 worms (D:3)
  3 dart slugs (D:1)
  2 leopard geckos (D:2)
  5 orcs (D:3)
  7 bats
  7 giant cockroaches
  13 goblins
  4 hobgoblins
  11 jackals
  2 quokkas
  5 frilled lizards
  10 kobolds
  5 rats
95 creatures vanquished.

Notes
Turn   | Place    | Note
-------+----------+-------------------------------------------
     0 | D:1      | FakerFangirl the Draconian Fighter began the quest for the Orb.
     0 | D:1      | Reached XP level 1. HP: 19/19 MP: 1/1
     0 | D:1      | 0 ||| counter = 61
   133 | D:1      | Reached XP level 2. HP: 24/26 MP: 2/2
   313 | D:1      | Reached skill level 3 in Maces & Flails
   614 | D:1      | Reached XP level 3. HP: 31/31 MP: 3/3
   951 | D:1      | 951 ||| UPGRADING to pair of gloves.
   956 | D:1      | 956 ||| READING scroll labeled HAREAM MAIGRI.
   957 | D:1      | 957 ||| READING scroll labeled SIELEA LIUKK.
   958 | D:1      | 958 ||| READING 2 scrolls labeled BUCWUUSSORE.
   959 | D:1      | 959 ||| DROPPING scroll of amnesia.
   981 | D:2      | 981 ||| Stepping ~*~*~tactically~*~*~ (outnumbered).
   983 | D:2      | Reached skill level 4 in Maces & Flails
   985 | D:2      | Reached XP level 4. HP: 22/38 MP: 4/4
  1200 | D:2      | Found a shimmering altar of Xom.
  1202 | D:2      | Found a shimmering altar of Xom.
  1203 | D:2      | Found a shimmering altar of Xom.
  1205 | D:2      | Found a shimmering altar of Xom.
  1207 | D:2      | Found a shimmering altar of Xom.
  1208 | D:2      | Found a shimmering altar of Xom.
  1449 | D:2      | Noticed Jessica
  1461 | D:2      | Killed Jessica
  1461 | D:2      | Reached skill level 5 in Maces & Flails
  1461 | D:2      | Reached XP level 5. HP: 45/45 MP: 5/5
  1665 | D:2      | Found a deep blue altar of Sif Muna.
  2034 | D:2      | 2034 ||| READING scroll labeled TIAHOIMODE.
  2035 | D:2      | 2035 ||| READING scroll labeled OGIDYV MESUAT.
  2036 | D:2      | 2036 ||| READING scroll labeled FAAFIE VOSIWKA.
  2037 | D:2      | 2037 ||| READING scroll labeled YNOSTO BUCOMOV.
  2273 | D:3      | Found a glowing golden altar of the Shining One.
  2668 | D:3      | Noticed Robin
  2683 | D:3      | Killed Robin
  3004 | D:3      | Reached skill level 6 in Maces & Flails
  3118 | D:3      | 3118 ||| READING scroll labeled CYMAAS KUOTIS.
  3119 | D:3      | 3119 ||| DRINKING 2 brown potions.
  3120 | D:3      | 3120 ||| DROPPING potion of agility.
  3275 | D:4      | Found Tavacky's Antique Armour Shop.
  3291 | D:4      | Reached XP level 6. HP: 50/52 MP: 6/6
  3293 | D:4      | 3293 ||| SHOPLISTING distressingly furry buckler (294 gold, have 150).
  3315 | D:4      | Found a blossoming altar of Fedhas.
  3640 | D:4      | Found a staircase to the Ecumenical Temple.
  3647 | Temple   | Entered the Ecumenical Temple
  3648 | Temple   | 3648 ||| Entered T.
  3718 | Temple   | Became a worshipper of Cheibriados the Contemplative
  3878 | Temple   | 3878 ||| EATING 4 bread rations.
  3908 | Temple   | 3908 ||| READING scroll labeled HEGEZU KEUMOIT.
  3909 | Temple   | 3909 ||| READING scroll labeled EGIACANK JIOT.
  3913 | Temple   | 3913 ||| READING scroll of identify.
  3913 | Temple   | 3913 ||| IDENTIFYING garnet ring
  3914 | Temple   | 3914 ||| UPGRADING to +3 ring of dexterity.
  4006 | D:4      | Found Qedau's Armour Emporium.
  4014 | D:4      | Bought a +0 pair of boots for 63 gold pieces
  4383 | D:4      | 4383 ||| UPGRADING to +0 pair of boots.
  4407 | D:5      | Entered Level 5 of the Dungeon
  4407 | D:5      | Found Lirghuoto's Jewellery Shop.
  4408 | D:5      | 4408 ||| STAIRDANCE
  4415 | D:4      | HP: 13/52 [crocodile (12)]
  4417 | D:4      | HP: 1/52 [crocodile (12)]
  4418 | D:4      | Slain by a crocodile

Vault maps used:
D:1:      scummos_arrival_star, minivault_24
D:2:      old_standard_altar, first_bread, xom_redecorated, uniq_jessica
D:3:      lemuel_round_altar, uniq_robin
D:4:      kennysheep_mini, minmay_temple_entry_junction, serial_shops, shop,
          portal_sewer_entry_d, minmay_shop_grid_forest
D:5:      serial_shops, nicolae_shop_trees, nicolae_shop_crystal,
          nicolae_shop_behind_doors, shop
Temple:   oiseaux_autumnal_temple

Skill      XL: |  1  2  3  4  5 |
---------------+----------------+-----
Maces & Flails | 3 4 5 6 |  6.7
Fighting       | 4 |  4.0
Dodging        | |  2.6
Shields        | |  3.0

Action                   |  1- 3 |  4- 6 || total
-------------------------+-------+-------++-------
Melee: Flail             |   105 |   191 ||   296
       Tailslap          |    11 |    15 ||    26
Throw: Javelin           |    10 |    46 ||    56
  Use: Scroll            |     3 |     8 ||    11
       Potion            |       |     1 ||     1
  Eat: Chunk             |       |     9 ||     9
       Bread ration      |       |     1 ||     1
Armor: Skin              |    31 |    46 ||    77
Dodge: Dodged            |    41 |    56 ||    97
Block: Shield            |    47 |    70 ||   117
